AoeStats
← NuMa | CarritoDGolf

Arabia

509550279Analyzed
4v4 RM · 4d ago on Sep 27, 2026· 48m 8s· 8 players
Game mode
Random Map
Map size
Large (8 player)
Population
200
Speed
Normal
Resources
Standard
Victory
Conquest
Starting age
Dark Age
Ending age
Imperial Age
RankedLock teamsTeams togetherTeam positionsShared explorationLock speedFull tech treeHidden civsTurbo modeCheats
Victory
Defeat
🇨🇱 Persians · Chile
1232
+8
🇨🇱 Britons · Chile
997
+17
🇲🇽 Byzantines · Mexico
975
+18
🇨🇱 Franks · Chile
849
+22
🇪🇸 Turks · Spain
1070
-18
🇨🇴 Berbers · Colombia
1043
-17
🇵🇪 Magyars · Peru
1038
-17
🇦🇷 Bulgarians · Argentina
945
-13
BatManZurdo
7:09 Loom
7:55 Loom
9:52 Feudal Age
14:25 Scale Mail Armor
14:35 Forging
20:29 Castle Age
19:56 Fletching
22:40 Wheelbarrow
24:06 Chain Mail Armor
27:53 Double-Bit Axe
29:27 Iron Casting
28:44 Gambesons
29:01 Squires
30:02 Pikeman
34:06 Gold Mining
34:42 Bodkin Arrow
38:14 Padded Archer Armor
jochizan
7:21 Loom
9:52 Feudal Age
10:21 Double-Bit Axe
19:23 Castle Age
17:34 Horse Collar
19:49 Light Cavalry
21:31 Bow Saw
25:36 Husbandry
27:07 Bloodlines
29:53 Scale Barding Armor
30:00 Pikeman
32:41 Scale Mail Armor
36:52 Chain Mail Armor
38:24 Chain Barding Armor
39:22 Fletching
40:03 Elite Skirmisher
padredetodo99
6:59 Loom
10:38 Feudal Age
17:11 Castle Age
16:05 Gold Mining
17:30 Double-Bit Axe
22:08 Wheelbarrow
21:22 Horse Collar
24:20 Imperial Age
23:11 Gold Shaft Mining
26:38 Padded Archer Armor
37:24 Ballistics
39:29 Wheelbarrow
NuMa | CarritoDGolf
4:05 Loom
10:29 Feudal Age
11:04 Double-Bit Axe
11:18 Horse Collar
22:09 Castle Age
21:11 Padded Archer Armor
21:36 Fletching
25:37 Scale Barding Armor
Black
9:17 Loom
11:03 Feudal Age
14:56 Castle Age
13:11 Double-Bit Axe
14:50 Horse Collar
15:25 Forging
23:00 Wheelbarrow
24:52 Bloodlines
24:47 Husbandry
27:57 Scale Barding Armor
29:31 Iron Casting
34:41 Hand Cart
35:39 Town Watch
37:21 Gold Mining
37:48 Bow Saw
37:41 Heavy Plow
43:39 Chain Barding Armor
Baxmetal
10:44 Feudal Age
9:04 Loom
10:49 Feudal Age
20:06 Castle Age
18:21 Double-Bit Axe
18:49 Padded Archer Armor
18:54 Fletching
19:06 Padded Archer Armor
20:41 Crossbowman
25:00 Ballistics
25:02 Bodkin Arrow
25:22 Leather Archer Armor
26:32 Pikeman
34:54 Imperial Age
35:56 Arbalester
38:33 Chemistry
41:27 Bracer
41:57 Ring Archer Armor
43:21 Ring Archer Armor
wowmiqui
4:55 Loom
11:01 Feudal Age
19:48 Castle Age
17:42 Gold Mining
20:32 Forging
20:28 Scale Barding Armor
20:37 Double-Bit Axe
23:08 Bow Saw
24:12 Husbandry
28:21 Wheelbarrow
48:08 Gold Shaft Mining
eljeringas
6:55 Loom
10:33 Feudal Age
12:31 Double-Bit Axe
18:16 Horse Collar
24:13 Castle Age
24:05 Stone Mining
39:15 Wheelbarrow
40:44 Elite Skirmisher
Connection lost

Rejoining the realm…

Still unreachable

The connection could not be restored.

Session expired

The server has moved on; the page needs a fresh start.